 Dungeon Crawl Stone Soup version 0.19-a0-1254-gb9c29c0 (webtiles) character file.

26695 Elitist the Basher (level 13, -8/90 HPs)
             Began as an Octopode Fighter on Aug 27, 2016.
             Was an Initiate of Gozag.
             Mangled by an ettin
             ... wielding a +0 dire flail
              (31 damage)
             ... on level 1 of the Orcish Mines on Aug 28, 2016.
             The game lasted 00:54:51 (16711 turns).

Elitist the Basher (Octopode Fighter)              Turns: 16711, Time: 00:54:53

Health: -8/90      AC:  9    Str: 16    XL:     13   Next: 27%
Magic:  0/38       EV: 18    Int: 11    God:    Gozag
Gold:   737        SH:  8    Dex: 14    Spells: 0 memorised, 12 levels left

rFire  + . .     SeeInvis +     a - +3 flail (protect)
rCold  + . .     Gourm    .     q - +3 buckler {AC+3}
rNeg   + . .     Faith    .     (helmet restricted)
rPois  +         Spirit   +     l - amulet of the Invisible Hand {Spirit rC+ Int+3}
rElec  +         Dismiss  .     j - ring of see invisible
rCorr  +         Reflect  .     t - ring of resist corrosion
MR     .....     Harm     .     E - ring of protection from fire
Stlth  +++.......               G - -4 ring of intelligence (curse)
                                J - ring of magical power
                                y - ring of positive energy
                                e - ring of magical power
                                (no ring)

@: no status effects
A: almost no armour, stealthy swim, amphibious, 8 rings, constrict 8, camouflage
1, high mp 1, poison resistance, electricity resistance, gelatinous body 1
a: Potion Petition, Call Merchant, Bribe Branch, Renounce Religion


You were on level 1 of the Orcish Mines.
You worshipped Gozag.
Gozag was pleased with you.
You were not hungry.

You visited 4 branches of the dungeon, and saw 17 of its levels.

You collected 3254 gold pieces.
You spent 754 gold pieces at shops.
You paid 1763 gold pieces to Gozag.

Inventory:

Hand Weapons
 a - a +3 flail of protection (weapon)
 b - a +0 hunting sling
 B - a +0 hunting sling of velocity
 O - a +0 whip of draining
Missiles
 w - 11 tomahawks
 x - 6 javelins (quivered)
 L - 3 throwing nets
Armour
 q - a +3 buckler of protection (worn)
 v - a +0 shield
Jewellery
 e - a ring of magical power (on tentacle)
 j - a ring of see invisible (left tentacle)
 l - the amulet of the Invisible Hand (around mantle) {Spirit rC+ Int+3}
   (You bought it in a shop on level 8 of the Dungeon)

   [amulet of guardian spirit]

   It causes incoming damage to be split between your health and magic.
   It affects your intelligence (+3).
   It protects you from cold.
 m - an uncursed amulet of magic regeneration {unknown}
 t - a ring of resist corrosion (right tentacle)
 y - a ring of positive energy (on tentacle)
 E - a ring of protection from fire (on tentacle)
 G - a cursed -4 ring of intelligence (on tentacle)
 J - a ring of magical power (on tentacle)
Wands
 A - a wand of iceblast (6/15)
 K - a wand of iceblast (2/15)
Scrolls
 d - 4 scrolls of identify
 o - 2 scrolls of teleportation
 z - 3 scrolls of fear
 N - 4 scrolls of remove curse
Potions
 h - 2 potions of lignification
 n - a potion of heal wounds
 s - 2 potions of curing
 F - a potion of might
 P - 2 potions of flight
Miscellaneous
 g - a lamp of fire (inert)
 k - a fan of gales (inert)
 I - a disc of storms
Comestibles
 c - 15 bread rations
 f - a slice of pizza
 i - a meat ration
 r - 8 fruits
 M - 7 beef jerkies


   Skills:
 + Level 9.5 Fighting
 - Level 14.2 Maces & Flails
 * Level 8.7 Dodging
 - Level 4.6 Shields
 - Level 9.0 Unarmed Combat
 + Level 7.5 Evocations


You had 12 spell levels left.
You didn't know any spells.

Dungeon Overview and Level Annotations

Branches:
Dungeon (13/15)            Temple (1/1) D:7            Lair (2/6) D:8
    Orc (1/2) D:10
  Swamp: Lair:2-4    Shoals: Lair:2-4     Snake: Lair:2-4    Spider: Lair:2-4
 Vaults: D:13-14

Altars:
Ashenzari
Cheibriados
Dithmenos
Elyvilon
Fedhas
Gozag
Hepliaklqana
Kikubaaqudgha
Makhleb
Nemelex Xobeh
Okawaru
Qazlal
Ru
Sif Muna
Trog
Uskayaw
Vehumet
Xom
Yredelemnul
Zin
The Shining One

Shops:
D:8 =


Innate Abilities, Weirdness & Mutations

You cannot wear most types of armour.
You are very stealthy in the water.
You are amphibious.
You can wear up to eight rings at the same time.
You can use your tentacles to constrict eight enemies at once.
Your skin changes colour to match your surroundings (Stealth+).
Your rubbery body absorbs attacks. (AC +1, EV +1)
You have an increased reservoir of magic. (+10% MP)
Your system is resistant to poisons. (rPois)
You are resistant to electric shocks. (rElec)


Message History

An orc comes into view. It is wielding a mace.
You thump the ettin!
The ettin is lightly wounded.
The ettin misses you. You block the ettin's attack.
You hit the ettin but do no damage.
You tentacle-slap the ettin, but do no damage.
Your squeeze misses the ettin.
The ettin is lightly wounded.
You sock the ettin! You squeeze the ettin.
The ettin is heavily wounded.
The ettin hits you with a dire flail! The ettin completely misses you.
You barely miss the ettin.
The ettin is heavily wounded.
You sock the ettin!
The ettin is heavily wounded.
The ettin hits you with a dire flail!!
* * * LOW HITPOINT WARNING * * *
The ettin hits you with a great mace!!!
You die...
Your body crumbles into a pile of gold.

$# ## ##.....# ..##.#
.....# ...... #.$.# ## .#
......##$$###.##...
#..≈...)$#.......#
...#....).)..##...
##..........#...#
#...##.....#....## ...#
##.@C............# .....#
##.#............. .......
#$..#...........
.....#..###...$.$.....##
.......$......).>....##
...................)..#
...........$......[...#.$ $
....................$......
...........................


You could see an ettin.

Vanquished Creatures
  A hydra (Lair:1)
  The ghost of jasper the Carver, a journeyman HuBe of Trog (D:11)
  A death knight (D:12)
  An unseen horror (D:12)
  A flayed ghost (D:8)
  3 hill giants
  A manticore (D:12)
  A cyclops (D:12)
  2 centaur zombies (D:12)
  Maurice (D:8)
  11 elephants
  5 spiny frogs (Lair:1)
  2 two-headed ogres
  A troll (D:11)
  A slime creature (D:12)
  4 redbacks (D:12)
  2 shadows (D:8)
  4 wraiths
  14 yaks
  A basilisk (Lair:1)
  A fire bat (D:8)
  4 hippogriffs
  A hungry ghost (D:9)
  4 wargs (D:10)
  Duvessa (D:4)
  2 water moccasins (Lair:2)
  8 orc warriors
  7 porcupines
  6 sky beasts
  3 phantoms
  2 ice beasts
  8 centaurs
  7 ogres
  7 crocodiles
  14 giant frogs
  Dowan (D:4)
  2 wyvern skeletons
  4 scorpions
  8 killer bees
  5 wights
  An electric eel (Lair:1)
  7 howler monkeys
  4 crimson imps
  2 quasits
  A giant frog zombie (D:12)
  22 orc wizards
  6 giant frog skeletons
  11 orc priests
  2 centaur skeletons
  4 hounds
  A jelly (D:8)
  Jessica (D:2)
  6 iguanas
  Natasha (twice) (D:4)
  6 hell rats
  8 worker ants
  A killer bee zombie (D:5)
  A hound zombie (D:8)
  A worker ant zombie (D:9)
  8 adders
  4 gnolls (D:3)
  19 river rats
  A shadow imp (D:5)
  An ooze (D:2)
  2 worms
  6 dart slugs
  8 giant geckos
  50 orcs
  A ball python (D:4)
  6 giant cockroaches
  2 goblins (D:2)
  4 hobgoblins
  7 jackals
  5 quokkas
  27 bats
  A giant cockroach zombie (D:6)
  A giant gecko skeleton (D:8)
  3 giant newts
  8 kobolds
  16 rats
  A fungus (D:8)
  A plant (D:8)
422 creatures vanquished.

Vanquished Creatures (collateral kills)
  A komodo dragon (Lair:1)
1 creature vanquished.

Vanquished Creatures (others)
  A bush (D:10)
  2 fungi
  3 plants
6 creatures vanquished.

Grand Total: 429 creatures vanquished

Notes
Turn   | Place    | Note
-------+----------+-------------------------------------------
     0 | D:1      | Elitist the Octopode Fighter began the quest for the Orb.
     0 | D:1      | Reached XP level 1. HP: 16/16 MP: 1/1
   181 | D:1      | Reached XP level 2. HP: 21/21 MP: 2/2
  1080 | D:2      | Reached XP level 3. HP: 26/26 MP: 3/3
  1549 | D:2      | Noticed Jessica
  1558 | D:2      | Killed Jessica
  1558 | D:2      | Reached XP level 4. HP: 27/33 MP: 4/4
  1971 | D:3      | Noticed a sky beast
  1981 | D:3      | Killed a sky beast
  1981 | D:3      | Reached XP level 5. HP: 31/37 MP: 5/5
  1988 | D:3      | Gained mutation: You are resistant to electric shocks. (rElec) [mutagenic meat]
  1991 | D:3      | Gained mutation: You have an increased reservoir of magic. (+10% MP) [mutagenic meat]
  1994 | D:3      | Gained mutation: Your system is resistant to poisons. (rPois) [mutagenic meat]
  2060 | D:3      | Reached XP level 6. HP: 41/43 MP: 6/6
  2420 | D:3      | Reached skill level 5 in Unarmed Combat
  3364 | D:4      | Reached XP level 7. HP: 28/49 MP: 7/7
  3786 | D:4      | Noticed Natasha
  3793 | D:4      | Killed Natasha
  3834 | D:4      | Noticed Natasha
  3842 | D:4      | Killed Natasha
  3842 | D:4      | Reached skill level 5 in Fighting
  3864 | D:4      | Noticed Dowan
  3867 | D:4      | Noticed Duvessa
  3880 | D:4      | Killed Duvessa
  3881 | D:4      | Killed Dowan
  3918 | D:4      | Reached XP level 8. HP: 32/55 MP: 8/8
  4406 | D:5      | Entered Level 5 of the Dungeon
  4758 | D:5      | Found an opulent altar of Gozag.
  4763 | D:5      | Became a worshipper of Gozag Ym Sagoz the Greedy
  4969 | D:5      | Found an ancient bone altar of Kikubaaqudgha.
  4970 | D:5      | Found a blossoming altar of Fedhas.
  5015 | D:6      | Reached skill level 1 in Maces & Flails
  5015 | D:6      | Reached skill level 5 in Dodging
  5030 | D:5      | Reached skill level 2 in Maces & Flails
  5235 | D:6      | Reached skill level 3 in Maces & Flails
  5235 | D:6      | Reached XP level 9. HP: 44/61 MP: 9/9
  5459 | D:6      | Reached skill level 4 in Maces & Flails
  5745 | D:6      | Reached skill level 5 in Maces & Flails
  5935 | D:7      | Found a staircase to the Ecumenical Temple.
  5962 | Temple   | Entered the Ecumenical Temple
  7079 | D:8      | Reached skill level 6 in Maces & Flails
  7231 | D:8      | Found an opulent altar of Gozag.
  7303 | D:8      | Found a runed door.
  7307 | D:8      | Found a hide-covered altar of Uskayaw.
  7316 | D:8      | Found a shattered altar of Ashenzari.
  7330 | D:8      | Found an opulent altar of Gozag.
  7360 | D:8      | Found an ancient bone altar of Kikubaaqudgha.
  7366 | D:8      | Reached skill level 7 in Maces & Flails
  7368 | D:8      | Reached XP level 10. HP: 54/66 MP: 11/11
  7583 | D:8      | Reached skill level 8 in Maces & Flails
  7691 | D:8      | Found a deep blue altar of Sif Muna.
  7801 | D:8      | Found a basalt altar of Yredelemnul.
  7851 | D:8      | Noticed Maurice
  7890 | D:8      | Killed Maurice
  8093 | D:8      | Found a staircase to the Lair.
  8100 | D:8      | Reached skill level 9 in Maces & Flails
  8744 | D:8      | Bought the amulet of the Invisible Hand {Spirit rC+ Int+3} for 754 gold pieces
  8749 | Lair:1   | Entered Level 1 of the Lair of Beasts
  8958 | Lair:1   | Noticed a spiny frog
  8959 | Lair:1   | Noticed a spiny frog
  8961 | Lair:1   | Noticed a spiny frog
  8965 | Lair:1   | Killed a spiny frog
  8965 | Lair:1   | Reached skill level 10 in Maces & Flails
  8975 | Lair:1   | Killed a spiny frog
  8977 | Lair:1   | Killed a spiny frog
  8977 | Lair:1   | Reached XP level 11. HP: 22/76 MP: 6/12
  9645 | Lair:1   | Reached skill level 11 in Maces & Flails
 10400 | D:8      | Noticed a flayed ghost
 10414 | D:8      | Killed a flayed ghost
 10751 | D:9      | Reached skill level 1 in Evocations
 10882 | D:9      | Reached skill level 12 in Maces & Flails
 10996 | D:10     | Entered Level 10 of the Dungeon
 10996 | D:10     | Noticed a hill giant
 11006 | D:10     | Killed a hill giant
 11111 | D:10     | Noticed a hill giant
 11119 | D:10     | Killed a hill giant
 11172 | D:10     | Found a staircase to the Orcish Mines.
 11414 | D:10     | Found a shimmering altar of Xom.
 11902 | D:11     | Noticed jasper's ghost (journeyman HuBe)
 11967 | D:11     | Killed jasper's ghost
 11967 | D:11     | Reached XP level 12. HP: 82/82 MP: 16/16
 12156 | D:11     | Reached skill level 13 in Maces & Flails
 12780 | D:12     | Found a hazy altar of Hepliaklqana.
 12895 | D:12     | Reached skill level 5 in Evocations
 14375 | D:12     | Noticed a death knight
 14388 | D:12     | Killed a death knight
 14388 | D:12     | Reached skill level 14 in Maces & Flails
 14913 | Lair:1   | Noticed an eight-headed hydra
 14920 | Lair:1   | Killed an eight-headed hydra
 15437 | Lair:2   | Reached XP level 13. HP: 17/90 MP: 10/19
 16607 | Orc:1    | Entered Level 1 of the Orcish Mines
 16699 | Orc:1    | Noticed an ettin
 16711 | Orc:1    | Mangled by an ettin

Vault maps used:
D:1:      lemuel_arrival_broad_hall, minivault_23, minmay_curled_crystal,
          minmay_misc_feat_chi
D:2:      uniq_jessica
D:3:      first_bread, gup_sewer_entry_bowl, amethyst_killhole
D:4:      uniq_duvessa, uniq_natasha
D:5:      grunt_temple_overflow_growth_and_decay, kennysheep_little_box,
          eino_small_chamber_without_monster
D:7:      grunt_decor_cap, grunt_ogre_cave, kennysheep_nub
D:8:      due_megacathedral, grunt_lair_entry_orc_guard_hut,
          yredelemnul_altar_generic, uniq_maurice
D:10:     minmay_orc_entry_guard_dogs, basic_altar, minmay_hedge_maze
D:12:     basic_altar, grunt_decor_arrowhead, spider_trap, uniq_kirke
Temple:   regret_index_temple_mists
Lair:1:   nicolae_quartered_pool_medium, beast_lair_carwin_1
Lair:2:   grunt_megastairs_5
Orc:1:    serial_shops, shop

Skill      XL: |  1  2  3  4  5  6  7  8  9 10 11 12 13 |
---------------+----------------------------------------+-----
Unarmed Combat | 3 4 5 6 8 9 |  9.0
Fighting       | 4 5 7 8 9 |  9.5
Shields        | 4 |  4.6
Dodging        | 5 7 8 |  8.7
Maces & Flails | 3 7 10 12 14 | 14.2
Evocations     | 3 6 7 |  7.5

Action                   |  1- 3 |  4- 6 |  7- 9 | 10-12 | 13-15 || total
-------------------------+-------+-------+-------+-------+-------++-------
Melee: Unarmed           |    30 |    93 |    96 |       |       ||   219
       Constrict         |    10 |    21 |    50 |   106 |    14 ||   201
       Tentacles         |     7 |    15 |    58 |   218 |    36 ||   334
       Punch             |       |     2 |    19 |    55 |    26 ||   102
       Flail             |       |       |   189 |   908 |   199 ||  1296
 Fire: Hunting sling     |    64 |    38 |    30 |       |       ||   132
Throw: Javelin           |       |       |     1 |    10 |       ||    11
Invok: Potion Petition   |       |       |       |     3 |       ||     3
       Call Merchant     |       |       |       |     1 |       ||     1
Evoke: Wand              |       |       |     4 |     7 |       ||    11
       Disc of storms    |       |       |       |     7 |     2 ||     9
       Fan of gales      |       |       |       |     1 |       ||     1
       Lamp of fire      |       |       |       |     1 |       ||     1
  Use: Scroll            |     6 |     1 |     1 |    15 |     1 ||    24
       Potion            |     1 |     4 |       |     7 |     1 ||    13
 Stab: Sleeping          |     1 |     2 |     5 |     8 |       ||    16
       Distracted        |       |       |     1 |    12 |     2 ||    15
  Eat: Chunk             |     2 |    18 |     6 |       |       ||    26
       Meat ration       |       |       |       |     4 |       ||     4
       Royal jelly       |       |       |       |     1 |       ||     1
       Bread ration      |       |       |       |     3 |       ||     3
Armor: Skin              |     7 |    46 |    64 |   111 |    52 ||   280
Dodge: Dodged            |    11 |    90 |   175 |   442 |    91 ||   809
Block: Shield            |     2 |       |       |       |       ||     2
       Buckler           |     4 |    46 |    96 |   250 |    52 ||   448
